 Dungeon Crawl Stone Soup version 0.31.0-9-g3a7656b989 (webtiles) character file.

Game seed: 8861833111609256517

35 qw the Shooter (level 3, -9/29 HPs)
             Began as a Demigod Hunter on Feb 2, 2024.
             Mangled by Terence
             ... wielding a +0 flail
              (10 damage)
             ... on level 2 of the Dungeon.
             The game lasted 00:00:03 (889 turns).

qw the Shooter (Demigod Hunter)                      Turns: 889, Time: 00:00:03

Health: -9/29      AC:  3    Str: 12    XL:     3   Next: 2%
Magic:  5/5        EV: 12    Int: 11    God:
Gold:   162        SH:  0    Dex: 21    Spells: 2/2 levels left

rFire   . . .        a - +0 shortbow
rCold   . . .        (shield currently unavailable)
rNeg    . . .        c - +0 leather armour
rPois   .            (no helmet)
rElec   .            (no cloak)
rCorr   .            (no gloves)
SInv    .            (no boots)
Will    .....        (no amulet)
Stlth   ++           (no ring)
HPRegen 0.24/turn    (no ring)
MPRegen 0.09/turn

%: no passive effects
@: no status effects
A: high MP 1, forlorn, divine attributes
a: no special abilities


You were on level 2 of the Dungeon.
You visited 1 branch of the dungeon, and saw 2 of its levels.

You collected 162 gold pieces.


Innate Abilities, Weirdness & Mutations

You have an increased reservoir of magic. (+10% MP)
You shall have no god before yourself.
Your divine heritage dramatically boosts your attributes as you level up.


   Skills:
 - Level 2.0 Fighting
 - Level 4.5 Ranged Weapons
 + Level 1.8 Dodging
 - Level 0.8 Stealth


You had 2 spell levels left.
You didn't know any spells.
Your spell library was empty.

Inventory:

Hand Weapons
 a - a +0 shortbow (weapon)
Armour
 c - a +0 leather armour (worn)
Potions
 i - a potion of enlightenment {unknown}

Dungeon Overview and Level Annotations

Branches:
Dungeon (2/15)

Shops:
D:1 (

Annotations:
D:2 Terence


Message History

Enter note:
Enter note:
Enter note: You shoot an arrow.
The arrow hits Terence but does no damage.
You shoot an arrow. The arrow hits Terence.
Terence is moderately wounded.
Terence hits you with a +0 flail!
You shoot an arrow. The arrow barely misses Terence.
Terence barely misses you.
You shoot an arrow.
The arrow hits Terence but does no damage.
Terence is moderately wounded.
Terence barely misses you.
You shoot an arrow.
The arrow hits Terence but does no damage.
Terence is moderately wounded.
Terence hits you with a +0 flail. x2
You shoot an arrow. The arrow hits Terence.
Terence is heavily wounded.
Terence closely misses you.
You shoot an arrow. The arrow barely misses Terence.
Terence hits you with a +0 flail.
You shoot an arrow. The arrow hits Terence.
Terence is severely wounded.
Terence hits you with a +0 flail.
You shoot an arrow.
The arrow hits Terence but does no damage.
Terence is severely wounded.
Terence hits you with a +0 flail!
You shoot an arrow. The arrow hits Terence.
Terence is severely wounded.
Terence hits you with a +0 flail. Terence misses you.
You shoot an arrow. The arrow barely misses Terence.
Terence completely misses you.
You shoot an arrow. The arrow hits Terence.
Terence is severely wounded.
Terence hits you with a +0 flail!
You die...
Terence says, "That felt goooood."

###.#.#.# #.#
###.#.#.# #.#
#...#.#.# #.#
#.###.#.# #.#
......#.#####.#
#####.
#.####........#
#...... #.#
#........# ....?.$
..#
#.###.##.###@......
### #.#
#......@....?# #.#
####.###....... #..
...# ....... ###
##### ..##..< ..#
#. ... .... ####


You could see Terence.

Vanquished Creatures
  A dart slug (D:1)
  A ball python (D:1)
  6 endoplasms (D:1)
  2 giant cockroaches (D:1)
  3 goblins (D:1)
  3 hobgoblins (D:1)
  2 jackals (D:1)
  A quokka (D:1)
  2 bats (D:1)
  3 frilled lizards (D:1)
  3 kobolds (D:1)
  A rat (D:1)
28 creatures vanquished.

Notes
Turn   | Place    | Note
-------+----------+-------------------------------------------
     0 | D:1      | qw the Demigod Hunter began the quest for the Orb.
     0 | D:1      | Reached XP level 1. HP: 17/17 MP: 3/3
     0 | D:1      | 0 ||| qw: Version: 0.3-a-155-g5e7d8dd
     0 | D:1      | 0 ||| qw: Game counter: 191
     0 | D:1      | 0 ||| qw: Melee chars always use a shield: true
     0 | D:1      | 0 ||| qw: God list: Okawaru
     0 | D:1      | 0 ||| qw: Allow faded altars: false
     0 | D:1      | 0 ||| qw: Do Orc after clearing Dungeon:15 true
     0 | D:1      | 0 ||| qw: Do second Lair branch before Depths: true
     0 | D:1      | 0 ||| qw: Lair rune preference: random
     0 | D:1      | 0 ||| qw: Goals: Normal
     0 | D:1      | 0 ||| PLANNING D:1-11
   123 | D:1      | Reached skill level 4 in Ranged Weapons
   134 | D:1      | Reached XP level 2. HP: 23/24 MP: 4/4
   215 | D:1      | Found Cyude's Weapon Emporium.
   595 | D:1      | Reached XP level 3. HP: 29/29 MP: 5/5
   659 | D:1      | 659 ||| DROPPING ring of flight.
   660 | D:1      | 660 ||| READING scroll labelled JAONGA JISERA.
   661 | D:1      | 661 ||| READING scroll labelled ASEMIPSACIB.
   661 | D:1      | 661 ||| IDENTIFYING red potion
   662 | D:1      | 662 ||| READING scroll labelled ZOILOY QYNGYBU.
   663 | D:1      | 663 ||| DROPPING scroll of butterflies.
   664 | D:1      | 664 ||| DROPPING potion of lignification.
   666 | D:1      | 666 ||| Stepping ~*~*~tactically~*~*~ (cloud).
   877 | D:2      | Noticed Terence
   886 | D:2      | HP: 3/29 [Terence/+0 flail (9)]
   887 | D:2      | HP: 1/29 [Terence/+0 flail (3)]
   889 | D:2      | Mangled by Terence

Levels and vault maps discovered:
D:1:      mrwooster_arrival_arrow, layout_loops_cross,
          shapermc_ecumenical_altar_totnotflames, serial_shops, shop,
          dreamdust_wishing_well
D:2:      layout_loops_corners, minmay_tree_intersection, uniq_terence

Skill      XL: |  1 |
---------------+----+-----
Ranged Weapons | 4 |  4.5
Fighting       | 2 |  2.0
Dodging        | |  1.8
Stealth        | |  0.8

Action                     || total
---------------------------++-------
   Fire: Shortbow          ||    71
    Use: Scroll            ||     3
 Armour: Leather armour    ||    13
  Dodge: Dodged            ||     9

Table legend:
 A = Non-vault XP
 B = Vault XP
 C = Vault XP percentage of total XP
 D = Non-vault monster count
 E = Vault monster count
 F = Vault count percentage of total count
                 A         B        C        D         E       F
            +---------+---------+-------+---------+---------+-------
      Total |      50 |       0 |   0.0 |      28 |       0 |   0.0
            +---------+---------+-------+---------+---------+-------
        D:1 |      50 |       0 |   0.0 |      28 |       0 |   0.0
            +---------+---------+-------+---------+---------+-------
